 Dungeon Crawl Stone Soup version 0.29-a0-271-gd4eb659eea (webtiles) character file.

Game seed: 17246970512581334506

183 spaghetti the Conjurer (level 5, 0/31 HPs)
             Began as an Octopode Conjurer on Mar 8, 2022.
             Slain by a gnoll
             ... wielding a +0 halberd
              (15 damage)
             ... on level 4 of the Dungeon.
             The game lasted 00:03:21 (3002 turns).

spaghetti the Conjurer (Octopode Conjurer)          Turns: 3002, Time: 00:03:22

Health: 0/31       AC:  1    Str:  7    XL:     5   Next: 62%
Magic:  2/11       EV: 13    Int: 22    God:
Gold:   95         SH:  0    Dex: 10    Spells: 7/12 levels left

rFire   . . .      SeeInvis .   (no weapon)
rCold   . . .      Faith    .   (no shield)
rNeg    . . .      Spirit   .   (helmet restricted)
rPois   .          Reflect  .   (no amulet)
rElec   .          Harm     .   (no ring)
rCorr   .          Rampage  .   (no ring)
Will    .....                   (no ring)
Stlth   +++.......              (no ring)
HPRegen 0.10/turn               (no ring)
MPRegen 0.12/turn               (no ring)
                                (no ring)
                                (no ring)

@: no status effects
A: almost no armour, amphibious, 8 rings, camouflage 1, gelatinous body 1,
(nimble swimmer 1), tentacles
a: no special abilities


You were on level 4 of the Dungeon.
You visited 1 branch of the dungeon, and saw 4 of its levels.

You collected 95 gold pieces.


Innate Abilities, Weirdness & Mutations

You cannot wear most types of armour.
You are amphibious.
You can wear up to eight rings at the same time.
Your skin changes colour to match your surroundings (Stealth+).
Your rubbery body absorbs attacks. (AC +1, EV +1)
((You are camouflaged when in or above water. (Stealth+)))
You have tentacles for arms and can constrict up to eight enemies at once.


   Skills:
 - Level 2.0 Dodging
 - Level 2.6 Stealth
 + Level 4.4 Spellcasting
 + Level 4.5 Conjurations
 + Level 1.8 Translocations


You had 7 spell levels left.
You knew the following spells:

 Your Spells              Type           Power      Damage    Failure   Level
a - Magic Dart            Conj           96%        1d7       1%          1
b - Iskenderun's Mystic   Conj/Tloc      18%        2d6       28%         4

Your spell library contained the following spells:

 Spells                   Type           Power      Damage    Failure   Level
 Searing Ray              Conj           48%        2d6       2%          2
 Dazzling Flash           Conj/Hex       28%        N/A       13%         3
 Sublimation of Blood     Necr           4%         N/A       16%         2
 Wereblood                Tmut           4%         N/A       16%         2
 Fulminant Prism          Conj/Hex       7%         3d7       38%         4
 Airstrike                Air            2%         N/A       71%         4
 Summon Lightning Spire   Summ/Air       4%         N/A       71%         4
 Lightning Bolt           Conj/Air       7%         1d19      75%         5
 Summon Hydra             Summ           2%         N/A       100%        7

Inventory:

Hand Weapons
 b - a +0 war axe {axe}
   (You found it on level 1 of the Dungeon)
 e - a +0 whip {mace}
   (You took it off a kobold on level 1 of the Dungeon)
 f - a +0 dagger {short}
   (You took it off a goblin on level 1 of the Dungeon)
 i - a +0 club {mace}
   (You took it off a goblin on level 1 of the Dungeon)
 j - a +0 mace {mace}
   (You found it on level 1 of the Dungeon)
 k - a +0 dagger {short}
   (You took it off a goblin on level 1 of the Dungeon)
 l - a +0 club {mace}
   (You took it off a goblin on level 1 of the Dungeon)
 n - a +0 spear {polearm}
   (You found it on level 2 of the Dungeon)
 o - a +0 whip {mace}
   (You found it on level 1 of the Dungeon)
 p - a +0 dagger {short}
   (You found it on level 2 of the Dungeon)
 q - a +0 dagger {short}
   (You took it off a goblin on level 2 of the Dungeon)
 r - a +0 hunting sling {sling}
   (You took it off a goblin on level 2 of the Dungeon)
 u - a +0 dagger {short}
   (You took it off a goblin on level 2 of the Dungeon)
 v - a +0 dagger {short}
   (You took it off a goblin on level 3 of the Dungeon)
 A - a +0 club {mace}
   (You found it on level 2 of the Dungeon)
 C - a +0 spear {polearm}
   (You found it on level 2 of the Dungeon)
 E - a +0 dagger {short}
   (You took it off an orc on level 3 of the Dungeon)
 F - a +0 club {mace}
   (You took it off an orc on level 3 of the Dungeon)
 G - a +0 flail {mace}
   (You took it off an orc on level 3 of the Dungeon)
 H - a +0 hand axe {axe}
   (You took it off an orc on level 3 of the Dungeon)
 I - a +0 hand axe {axe}
   (You took it off an orc on level 3 of the Dungeon)
Missiles
 h - 62 stones {throwing}
 B - 3 poisoned darts {throwing}
Magical Staves
 y - a staff of fire {!astaff}
   (You found it on level 2 of the Dungeon)
Scrolls
 w - a scroll of blinking {!r}
 x - 2 scrolls of summoning
 z - a scroll of holy word
 D - a scroll of identify {@r1}
Potions
 a - a potion of magic
 c - a potion of flight
 d - a potion of degeneration {unknown}
 g - a potion of lignification {unknown}
 m - a potion of brilliance
 s - a potion of mutation {unknown}
 t - a potion of resistance {unknown}
 J - a potion of haste {unknown}

Dungeon Overview and Level Annotations

Branches:
Dungeon (4/15)
 Temple: D:4-7

Altars:

..................
...................##
.....<......##.....#
..................#
..........>.......
##..##..........#
#.##..........###
#.....[......##.##
#.)@.............#
#g.#.............#
)g..##.............#
.....##............###
...o.#............##
.................##
.)................#
.......##.........#


You could see an orc priest and 2 gnolls.


Message History

[Y]es or [N]o only, please.
That beam is likely to hit you.
Continue anyway? [Y]es or [N]o only, please.
That beam is likely to hit you.
Continue anyway?
Okay, then.
You now have 95 gold pieces (gained 12).
J - a silvery potion 😎 MP[+4]
Your mp is fully restored (11).
A kobold and a hobgoblin come into view.
The hobgoblin shouts!
You hear a shout! x2
The hobgoblin moves out of view.
A kobold is nearby!
A kobold is nearby!
Aiming: Magic Dart (safe; 1% risk of failure)
Press: ? - help, Q - select action, (/) - cycle Shift-Dir - straight line, f - kobold
Aim: a kobold, wielding a +0 short sword (wandering, hasn't noticed you, 100% to hit)
The magic dart hits the kobold.
The kobold shouts!
You hear a shout! x2
A gnoll comes into view. It is wielding a +0 club. 😎 MP[-1]
You lost 1 mp, and now have 10/11 mp.
Aiming: Magic Dart (safe; 1% risk of failure)
Press: ? - help, Q - select action, (/) - cycle Shift-Dir - straight line, f/p - kobold
Aim: a kobold, wielding a +0 short sword (moderately wounded, 100% to hit)
The magic dart hits the kobold.
You kill the kobold! 😎 MP[-1]
You lost 1 mp, and now have 9/11 mp.
Aiming: Magic Dart (safe; 1% risk of failure)
Press: ? - help, Q - select action, (/) - cycle Shift-Dir - straight line, f - you That beam is likely to hit you.
Continue anyway? [Y]es or [N]o only, please.
That beam is likely to hit you.
Continue anyway? [Y]es or [N]o only, please.
That beam is likely to hit you.
Continue anyway?
Okay, then.
A gnoll is nearby!
A gnoll is nearby!
A gnoll is nearby!
Aiming: Magic Dart (safe; 1% risk of failure)
Press: ? - help, Q - select action, (/) - cycle Shift-Dir - straight line, f - gnoll
Aim: a gnoll, wielding a +0 club (100% to hit)
The magic dart hits the gnoll.
A gnoll comes into view. It is wielding a +0 halberd. 😎 MP[-1]
You lost 1 mp, and now have 8/11 mp.
Aiming: Magic Dart (safe; 1% risk of failure)
Press: ? - help, Q - select action, (/) - cycle Shift-Dir - straight line, f/p - gnoll
Aim: a gnoll, wielding a +0 club (moderately wounded, 100% to hit)
The magic dart hits the gnoll. 😎 MP[-1]
You lost 1 mp, and now have 7/11 mp.
Aiming: Magic Dart (safe; 1% risk of failure)
Press: ? - help, Q - select action, (/) - cycle Shift-Dir - straight line, f/p - gnoll
Aim: a gnoll, wielding a +0 club (severely wounded, 100% to hit)
The magic dart hits the gnoll.
A gnoll comes into view. It is wielding a +0 whip.
The gnoll completely misses you. 😎 MP[-1]
You lost 1 mp, and now have 6/11 mp.
Aiming: Magic Dart (safe; 1% risk of failure)
Press: ? - help, Q - select action, (/) - cycle Shift-Dir - straight line, f/p - gnoll
Aim: a gnoll, wielding a +0 club (almost dead, 100% to hit)
The magic dart hits the gnoll!
You kill the gnoll! 😎 MP[-1]
You lost 1 mp, and now have 5/11 mp.
Aiming: Magic Dart (safe; 1% risk of failure)
Press: ? - help, Q - select action, (/) - cycle Shift-Dir - straight line, f - hobgoblin
Aim: a hobgoblin (100% to hit)
The magic dart hits the hobgoblin.
An orc priest comes into view. It is wielding a +0 club.
The hobgoblin hits you. 😕 HP[-1]
You take 1 damage, and now have 30/31 hp.
Aiming: Magic Dart (safe; 1% risk of failure)
Press: ? - help, Q - select action, (/) - cycle Shift-Dir - straight line, f/p - hobgoblin
Aim: a hobgoblin (severely wounded, 100% to hit)
The magic dart hits the hobgoblin.
You kill the hobgoblin! 😕 MP[-1]
You lost 1 mp, and now have 4/11 mp.
Aiming: Magic Dart (safe; 1% risk of failure)
Press: ? - help, Q - select action, (/) - cycle Shift-Dir - straight line, f - gnoll
Aim: a gnoll, wielding a +0 halberd (100% to hit)
The magic dart hits the gnoll.
The gnoll hits you from afar with a +0 halberd!
* * * LOW HITPOINT WARNING * * *
😨 HP[-15] MP[-1]
You take 15 damage, and now have 15/31 hp.
MASSIVE DAMAGE!! (PAUSE)
You lost 1 mp, and now have 3/11 mp.
Aiming: Magic Dart (safe; 1% risk of failure)
Press: ? - help, Q - select action, (/) - cycle Shift-Dir - straight line, f/p - gnoll
Aim: a gnoll, wielding a +0 halberd (heavily wounded, 100% to hit)
The magic dart hits the gnoll.
The gnoll hits you from afar with a +0 halberd!
You die...

Skill      XL: |  1  2  3  4 |
---------------+-------------+-----
Spellcasting   | 3 4 |  4.4
Translocations | 1 |  1.8
Dodging        | |  2.0
Stealth        | |  2.6
Conjurations   | |  4.5

Action                   |  1- 3 |  4- 6 || total
-------------------------+-------+-------++-------
Melee: Unarmed           |     2 |     3 ||     5
       Tentacles         |     1 |     1 ||     2
       Constrict         |     1 |     1 ||     2
 Cast: Magic Dart        |    62 |    46 ||   108
  Use: Scroll            |     3 |     4 ||     7
Dodge: Dodged            |     6 |     7 ||    13

Levels and vault maps discovered:
D:1:      psy_arrival_statuary, layout_basic, minmay_tiny_reverse_x
D:2:      layout_loops_cross, grunt_ministairs_8
D:3:      cheibrodos_thug_alley, layout_basic, nicolae_tso_carved_into_rock,
          uniq_sigmund
D:4:      layout_cave_pools, gammafunk_temple_overflow_wave, solitary_fountain,
          uniq_eustachio

Notes
Turn   | Place    | Note
-------+----------+-------------------------------------------
     0 | D:1      | spaghetti the Octopode Conjurer began the quest for the
                  | Orb.
     0 | D:1      | Reached XP level 1. HP: 11/11 MP: 3/3
     0 | D:1      | magus.rc [v1.9.6]
     4 | D:1      | You pick up a book of Blood and begin reading...
     4 | D:1      | You add the spells Sublimation of Blood, Wereblood and
                  | Summon Hydra to your library.
   320 | D:1      | Reached XP level 2. HP: 17/17 MP: 3/5
   607 | D:1      | Reached skill level 3 in Spellcasting
   975 | D:1      | Reached XP level 3. HP: 21/21 MP: 2/7
  1792 | D:2      | HP: 3/21 [iguana (4)]
  1794 | D:2      | Reached XP level 4. HP: 5/27 MP: 1/9
  1807 | D:2      | HP: 2/27 [goblin/+0 dagger (4)]
  2126 | D:2      | Learned a level 4 spell: Iskenderun's Mystic Blast
  2356 | D:2      | You pick up a book of Storms and begin reading...
  2356 | D:2      | You add the spells Airstrike, Summon Lightning Spire and
                  | Lightning Bolt to your library.
  2610 | D:3      | Reached skill level 4 in Spellcasting
  2823 | D:3      | Noticed a sky beast
  2831 | D:3      | Killed a sky beast
  2832 | D:3      | Reached skill level 1 in Translocations
  2832 | D:3      | Reached XP level 5. HP: 23/31 MP: 2/11
  2928 | D:3      | You fall into a shaft and drop 1 floor!
  3002 | D:4      | Slain by a gnoll

Vanquished Creatures
  A sky beast (D:3)
  An iguana (D:2)
  A gnoll (D:4)
  5 orcs (D:3)
  4 bats
  2 endoplasms
  A giant cockroach (D:1)
  7 goblins
  6 hobgoblins
  2 jackals (D:4)
  6 quokkas
  4 ball pythons
  3 frilled lizards
  3 kobolds
  5 rats
51 creatures vanquished.

Table legend:
 A = Non-vault XP
 B = Vault XP
 C = Vault XP percentage of total XP
 D = Non-vault monster count
 E = Vault monster count
 F = Vault count percentage of total count
                 A         B        C        D         E       F
            +---------+---------+-------+---------+---------+-------
      Total |     223 |      39 |  14.9 |      47 |       4 |   7.8
            +---------+---------+-------+---------+---------+-------
        D:1 |      35 |       3 |   7.9 |      21 |       2 |   8.7
        D:2 |      15 |      36 |  70.6 |       9 |       2 |  18.2
        D:3 |     150 |       0 |   0.0 |      11 |       0 |   0.0
        D:4 |      23 |       0 |   0.0 |       6 |       0 |   0.0
            +---------+---------+-------+---------+---------+-------

Illustrated notes

Table legend:
 A = Kills in this place as a percentage of kills in entire the game.
 B = Kills by you in this place as a percentage of kills by you in the entire game.
 C = Kills by friends in this place as a percentage of kills by friends in the entire game.
 D = Other kills in this place as a percentage of other kills in the entire game.
 E = Experience gained in this place as a percentage of experience gained in the entire game.
 F = Experience gained in this place divided by the number of levels of this place that you have seen.
                   A       B       C       D       E      F
               +-------+-------+-------+-------+-------+----------------------
         Total | 100.0 | 100.0 |   N/A |   N/A | 100.0 |  65.5
       Dungeon | 100.0 | 100.0 |   N/A |   N/A | 100.0 |  65.5
               +-------+-------+-------+-------+-------+----------------------

Table legend: (Time is in decaauts)
 A = Elapsed time spent in this place.
 B = Non-inter-level travel time spent in this place.
 C = Inter-level travel time spent in this place.
 D = Time resting spent in this place.
 E = Time spent auto-exploring this place.
 F = Levels seen in this place.
 G = Mean time per level.
                   A        B        C        D        E       F      G
               +--------+--------+--------+--------+--------+-----+--------+
         Total |   3002 |   2925 |     77 |    320 |   2376 |   4 |  750.5 |
       Dungeon |   3002 |   2925 |     77 |    320 |   2376 |   4 |  750.5 |
               +--------+--------+--------+--------+--------+-----+--------+

Top non-repeatable levels by time:
     D:1: 1481 daAuts
     D:2: 1119 daAuts
     D:3: 328 daAuts
     D:4: 73 daAuts
